 Dungeon Crawl Stone Soup version 0.27.0-1-g7a089689b8 (webtiles) character file.

Game seed: 14278692808280562298

512 quinnr the Zephyrmancer (level 7, -5/40 HPs)
             Began as a Tengu Air Elementalist on Aug 13, 2021.
             Was a Follower of Kikubaaqudgha.
             Slain by a hornet (7 damage)
             ... on level 5 of the Dungeon on Aug 14, 2021.
             The game lasted 00:13:20 (5816 turns).

quinnr the Zephyrmancer (Tengu Air Elementalist)    Turns: 5816, Time: 00:13:21

Health: -5/40      AC:  4    Str:  9    XL:     7   Next: 19%
Magic:  2/13       EV: 15    Int: 23    God:    Kikubaaqudgha [*.....]
Gold:   122        SH:  0    Dex: 14    Spells: 4/12 levels left

rFire    + . .     SeeInvis .   m - +2 dagger (vamp)
rCold    . . .     Faith    .   (no shield)
rNeg     . . .     Spirit   .   o - +2 robe {rF+}
rPois    .         Reflect  .   (helmet restricted)
rElec    .         Harm     .   (no cloak)
rCorr    .         Rampage  .   (no gloves)
Will     .....                  (boots unavailable)
Stlth    ++........             (no amulet)
HPRegen  0.13/turn              b - +6 ring of intelligence
MPRegen  0.13/turn              (no ring)

@: lethally poisoned (-5 -> -15), flying quickly and evasively, slowed, very
slow
A: beak, talons 3, nimble flight
a: Renounce Religion, Receive Corpses


You were on level 5 of the Dungeon.
You worshipped Kikubaaqudgha.
Kikubaaqudgha was aware of your devotion.
You visited 1 branch of the dungeon, and saw 5 of its levels.

You collected 122 gold pieces.

Inventory:

Hand Weapons
 m - a +2 vampiric dagger (weapon)
Missiles
 f - 18 poisoned darts
Armour
 a - a +0 robe
 o - a +2 robe of fire resistance (worn)
Magical Staves
 e - a staff of air
Jewellery
 b - a +6 ring of intelligence (left hand)
Wands
 i - a wand of paralysis (5)
Scrolls
 g - a scroll of torment
 h - a scroll of immolation
Potions
 c - a potion of flight
 d - 2 potions of might
 p - a potion of brilliance
 q - a potion of attraction


   Skills:
 + Level 2.0 Fighting
 - Level 1.0 Armour
 + Level 3.5 Dodging
 - Level 2.0 Stealth
 + Level 3.3 Spellcasting
 - Level 2.0 Conjurations
 * Level 8.2 Air Magic


You had 4 spell levels left.
You knew the following spells:

 Your Spells              Type           Power      Damage    Failure   Level
a - Shock                 Conj/Air       100%       1d9       1%          1
b - Airstrike             Air            20%        N/A       3%          4
c - Swiftness             Air            41%        N/A       1%          3

Your spell library contained the following spells:

 Spells                   Type           Power      Damage    Failure   Level
 Static Discharge         Conj/Air       27%        N/A       1%          2
 Corpse Rot               Necr/Air       N/A        N/A       3%          2
 Pain                     Necr           12%        1d4       11%         1
 Sublimation of Blood     Necr           1%         N/A       17%         2
 Stone Arrow              Conj/Erth      16%        3d8       22%         3
 Vampiric Draining        Necr           1%         2d6       32%         3
 Bolt of Magma            Conj/Fire/Erth 3%         4d5       93%         5
 Shatter                  Erth           1%         3d6*      100%        9


Dungeon Overview and Level Annotations

Branches:
Dungeon (5/15)
 Temple: D:4-7

Altars:
Gozag
Kikubaaqudgha

Shops:
D:1 [


Innate Abilities, Weirdness & Mutations

You have a beak for a mouth.
You have claws for feet.
Your magical nature lets you fly swiftly and evasively.


Message History

You hit the hornet but do no damage. Your kick misses the hornet.
You peck the hornet.
The hornet is almost dead.
You feel very sick. The hornet stings you.
You suddenly lose the ability to move!
The hornet stings you!
You are lethally poisoned!
You feel as though you will be slow longer.
You feel very sick. The hornet stings you!
* * * LOW HITPOINT WARNING * * *
You shrug off the repeated paralysis!
You can move again.
Unknown command.
Unknown command.
Unknown command.
* * * LOW HITPOINT WARNING * * *
You feel very sick. The hornet closely misses you.
Found a scroll of enchant weapon.
Unknown command.
Unknown command.
Okay, then.
Really read the scroll of torment?
Okay, then.
Unknown command.
Unknown command.
Casting: Airstrike (dangerous; 3% risk of failure)
Confirm with . or Enter, or press ? or * to list all spells.
Aiming: Shock (safe; 1% risk of failure)
Press: ? - help, Shift-Dir - straight line, f/p - hornet
Aim: a hornet (almost dead, 60% to hit)
The zap hits the hornet but does no damage.
The hornet is almost dead.
* * * LOW HITPOINT WARNING * * *
You feel very sick. The hornet completely misses you.
The hornet barely misses you. The hornet stings you!
You die...
Kikubaaqudgha rasps: "You have failed me!
Welcome... death!"

#.... #.... .... ...
#### . ..####.... #'#
.........
....#####........
?.......y........
.......@#........
..†.#####....#### ..
#..#....#
##############..'....#
#......#.....#..#....# .
#......#.....'..##'###..
#.....##....##...#......
#.....##....##..##......
#...........##..##......


You could see a hornet.

Vanquished Creatures
  An ogre (D:4)
  A jelly (D:4)
  2 orc priests (D:4)
  A bullfrog skeleton (D:4)
  A centaur skeleton (D:4)
  Jessica (D:2)
  3 orc wizards
  An iguana (D:4)
  A hound skeleton (D:4)
  A gnoll (D:2)
  An adder (D:2)
  A worm (D:2)
  6 dart slugs
  10 orcs
  9 ball pythons
  5 endoplasms
  6 giant cockroaches
  8 goblins
  9 hobgoblins
  6 jackals
  5 quokkas
  5 bats
  5 frilled lizards
  10 kobolds
  7 rats
106 creatures vanquished.

Notes
Turn   | Place    | Note
-------+----------+-------------------------------------------
     0 | D:1      | quinnr the Tengu Air Elementalist began the quest for the
                  | Orb.
     0 | D:1      | Reached XP level 1. HP: 10/10 MP: 4/4
    15 | D:1      | Found Ebozasas's Antique Armour Boutique.
   100 | D:1      | Reached XP level 2. HP: 15/15 MP: 1/6
   448 | D:1      | Reached XP level 3. HP: 19/19 MP: 5/7
  1159 | D:2      | Reached skill level 5 in Air Magic
  1246 | D:2      | Reached XP level 4. HP: 24/24 MP: 2/9
  1588 | D:2      | Learned a level 4 spell: Airstrike
  2072 | D:2      | Noticed Jessica
  2074 | D:2      | Killed Jessica
  2075 | D:2      | Reached skill level 6 in Air Magic
  2147 | D:2      | Gained mutation: Your magical nature lets you fly swiftly
                  | and evasively. [Tengu growth]
  2147 | D:2      | Reached XP level 5. HP: 28/28 MP: 8/10
  2179 | D:2      | Learned a level 3 spell: Swiftness
  2685 | D:3      | Found an opulent altar of Gozag.
  2891 | D:3      | Found a faded altar of an unknown god.
  2935 | D:3      | Became a worshipper of Kikubaaqudgha
  2935 | D:3      | Reached * piety under Kikubaaqudgha
  2935 | D:3      | Received a gift from Kikubaaqudgha
  3386 | D:3      | HP: 2/28 [orc (1)]
  3413 | D:3      | Identified a scroll of acquirement
  3413 | D:3      | Acquired a staff of air
  3609 | D:4      | Reached skill level 1 in Fighting
  3609 | D:4      | Reached skill level 7 in Air Magic
  3729 | D:3      | Reached XP level 6. HP: 34/34 MP: 6/11
  4577 | D:4      | Reached skill level 1 in Armour
  4960 | D:4      | Reached skill level 8 in Air Magic
  4960 | D:4      | Reached XP level 7. HP: 40/40 MP: 8/13
  5080 | D:5      | Entered Level 5 of the Dungeon
  5247 | D:5      | Noticed a hornet
  5258 | D:5      | HP: 3/40 [poisoned by a hornet]
  5261 | D:5      | HP: 1/40 [poisoned by a hornet]
  5813 | D:5      | Paralysed by a hornet for 2 turns
  5816 | D:5      | HP: 2/40 [poisoned by a hornet]
  5816 | D:5      | Slain by a hornet

Illustrated notes

Levels and vault maps discovered:
D:1:      roderic_crossed_star, layout_rooms, serial_shops, shop
D:2:      minmay_wonky_spiral, layout_basic, uniq_jessica
D:3:      layout_basic, grunt_gozag_breadcrumbs, ebering_ecumenical_altar_ruins,
          minmay_stone_trees_medium, corexii_shack
D:4:      layout_basic
D:5:      minmay_diamond_boxcup, layout_gridville,
          minmay_temple_entry_nine_rooms

Skill      XL: |  1  2  3  4  5  6 |
---------------+-------------------+-----
Conjurations   | 2 |  2.0
Air Magic      | 5 6 7 8 |  8.2
Spellcasting   | 3 |  3.3
Fighting       | 1 2 |  2.0
Dodging        | 3 |  3.5
Armour         | 1 |  1.0
Stealth        | |  2.0

Action                   |  1- 3 |  4- 6 |  7- 9 || total
-------------------------+-------+-------+-------++-------
Melee: Unarmed           |    13 |    10 |       ||    23
       Peck              |     2 |     3 |     1 ||     6
       Kick              |       |     8 |       ||     8
       Staff             |       |    10 |     1 ||    11
       Dagger            |       |       |     3 ||     3
 Cast: Shock             |    75 |   125 |     6 ||   206
       Airstrike         |       |     8 |     5 ||    13
Evoke: Wand              |       |       |     5 ||     5
  Use: Scroll            |       |     6 |     6 ||    12
       Potion            |       |     3 |     1 ||     4
Armor: Robe              |     5 |    10 |     2 ||    17
Dodge: Dodged            |    11 |    31 |    14 ||    56
